 Dungeon Crawl Stone Soup version 0.31-a0-441-g867994ef1c (webtiles) character file.

Game seed: 14012178498702719240

1013 Anon1729 the Trooper (level 8, -2/71 HPs)
             Began as a Minotaur Monk on Aug 2, 2023.
             Slain by a gnoll
             ... wielding a +0 halberd
              (14 damage)
             ... on level 5 of the Dungeon.
             The game lasted 00:02:06 (4556 turns).

Anon1729 the Trooper (Minotaur Monk)                Turns: 4556, Time: 00:02:06

Health: -2/71      AC:  6    Str: 15    XL:     8   Next: 1%
Magic:  7/7        EV: 15    Int:  7    God:
Gold:   296        SH:  0    Dex: 16    Spells: 7/7 levels left

rFire   . . .        q - +6 shillelagh "Devastator" {shatter}
rCold   . . .        d - orb {light}
rNeg    . . .        b - +0 robe
rPois   .            (helmet restricted)
rElec   .            p - +0 cloak
rCorr   .            k - +0 pair of gloves
SInv    .            j - +0 pair of boots
Will    .....        (no amulet)
Stlth   +            (no ring)
HPRegen 0.31/turn    (no ring)
MPRegen 0.10/turn

%: no passive effects
@: glowing
A: horns 2, retaliatory headbutt
a: no special abilities


You were on level 5 of the Dungeon.
You visited 1 branch of the dungeon, and saw 5 of its levels.

You collected 296 gold pieces.

Inventory:

Hand Weapons
 a - a +0 short sword
 q - the +6 shillelagh "Devastator" (weapon) {shatter}
   (You found it on level 2 of the Dungeon)
Armour
 b - a +0 robe (worn)
 d - an orb of light (worn)
 j - a +0 pair of boots (worn)
 k - a +0 pair of gloves (worn)
 p - a +0 cloak (worn)
Jewellery
 h - a +5 ring of evasion
Wands
 w - a wand of charming (10)
 y - a wand of flame (14)
Scrolls
 e - 3 scrolls of vulnerability {unknown}
 f - 5 scrolls of identify {unknown}
 g - 2 scrolls of amnesia {unknown}
 l - a scroll of butterflies {unknown}
 m - a scroll of silence {unknown}
 o - 5 scrolls of immolation {unknown}
 s - a scroll of blinking {unknown}
 t - a scroll of revelation {unknown}
 v - a scroll of enchant armour {unknown}
 x - a scroll of enchant weapon {unknown}
 z - a scroll of torment {unknown}
 A - a scroll of noise {unknown}
Potions
 c - a potion of ambrosia
 i - a potion of berserk rage {unknown}
 n - a potion of lignification {unknown}
 r - a potion of brilliance {unknown}
 u - 2 potions of might {unknown}


   Skills:
 + Level 6.6 Fighting
 - Level 4.0 Short Blades
 + Level 4.7 Maces & Flails
 + Level 5.3 Armour
 + Level 6.0 Dodging


You had 7 spell levels left.
You didn't know any spells.
Your spell library contained the following spells:

 Spells                   Type           Power      Damage    Failure   Level
 Foxfire                  Conj/Fire      0%         2x1d4     43%         1
 Sublimation of Blood     Necr           0%         N/A       56%         2
 Wereblood                Tmut           0%         N/A       56%         2
 Frozen Ramparts          Ice            0%         1d1       80%         3
 Petrify                  Tmut/Erth      0%         N/A       99%         4
 Metabolic Englaciation   Hex/Ice        0%         N/A       100%        5
 Plasma Beam              Fire/Air       0%         2x1d10    100%        6
 Starburst                Conj/Fire      0%         6d3       100%        6
 Summon Hydra             Summ           0%         N/A       100%        7


Dungeon Overview and Level Annotations

Branches:
Dungeon (5/15)
 Temple: D:4-7

Altars:

Shops:
D:4 [

Annotations:
D:4 3 runed translucent doors, 123mememe's ghost, amateur DEHs


Innate Abilities, Weirdness & Mutations

You have a pair of horns on your head.
You reflexively headbutt those who attack you in melee.


Message History

You are too injured to fight recklessly!
You are too injured to fight recklessly!
You are too injured to fight recklessly!
You are too injured to fight recklessly!
You are too injured to fight recklessly!
You are too injured to fight recklessly!
You are too injured to fight recklessly!
You are too injured to fight recklessly!
You are too injured to fight recklessly!
You are too injured to fight recklessly!
You are too injured to fight recklessly!
You are too injured to fight recklessly!
You are too injured to fight recklessly!
You are too injured to fight recklessly!
You are too injured to fight recklessly!
You are too injured to fight recklessly!
You are too injured to fight recklessly!
You are too injured to fight recklessly!
You are too injured to fight recklessly!
You sock the gnoll sergeant!
The gnoll sergeant, the gnoll and the orcs shudder.
You kill the gnoll sergeant!
You kill the gnoll!
You kill the orc! x2
The gnoll hits you with a +0 spear! The gnoll hits you with a +0 flail.
* * * LOW HITPOINT WARNING * * *
The gnoll misses you.
Your Dodging skill increases to level 6!
You have reached level 8!
You feel agile.
Unknown command.
You hit the gnoll.
The gnolls and the orc shudder.
You kill the gnoll!
The gnoll is heavily wounded.
You kill the orc!
The gnoll completely misses you. The gnoll hits you with a +0 flail!
* * * LOW HITPOINT WARNING * * *
You hit the gnoll.
The gnolls shudder.
You kill the gnoll!
The gnoll is severely wounded.
The gnoll hits you from afar with a +0 halberd!
You die...

~≈#...# ...................
~≈#...#############''''########
~≈# #'#........)..#....#.......
≈≈≈ #.'........)).'))).))......
#.#...........#....#.......
#.#########################
#......#.'...)......
#......#)#g..)......
#.###'##.#.)@g).....
#)#....#!#.)))......
#)#....###)#########
###)#.)..'........#
#...############### #...# #####
≈≈≈ ~~~~


You could see 2 gnolls.

Vanquished Creatures
  2 black bears (D:5)
  2 ogres (D:5)
  A gnoll sergeant (D:5)
  A scorpion (D:5)
  2 jellies
  An orc priest (D:5)
  2 iguanas (D:5)
  A sleepcap (D:5)
  Robin (D:2)
  15 gnolls (D:5)
  9 adders
  A shadow imp (D:5)
  5 worms
  A dart slug (D:2)
  18 orcs
  8 endoplasms
  3 giant cockroaches
  10 goblins
  12 hobgoblins
  6 jackals
  7 quokkas
  5 ball pythons
  A bat (D:2)
  5 frilled lizards
  6 kobolds
  3 rats
128 creatures vanquished.

Notes
Turn   | Place    | Note
-------+----------+-------------------------------------------
     0 | D:1      | Anon1729 the Minotaur Monk began the quest for the Orb.
     0 | D:1      | Reached XP level 1. HP: 19/19 MP: 0/0
   278 | D:1      | Reached skill level 1 in Armour
   278 | D:1      | Reached XP level 2. HP: 16/27 MP: 1/1
  1078 | D:2      | Found the +6 shillelagh "Devastator" {shatter}
  1155 | D:2      | Reached XP level 3. HP: 33/33 MP: 2/2
  1375 | D:2      | Noticed Robin
  1434 | D:2      | Killed Robin
  1576 | D:2      | Reached XP level 4. HP: 41/41 MP: 3/3
  2435 | D:3      | Reached skill level 1 in Maces & Flails
  3154 | D:4      | Reached XP level 5. HP: 47/47 MP: 4/4
  3266 | D:4      | Found a runed translucent gate.
  3267 | D:4      | Found a runed translucent gate.
  3268 | D:4      | Found a runed translucent gate.
  3268 | D:4      | Noticed 123mememe's ghost (amateur DEHs)
  3329 | D:4      | Found Cic Wuet's Armour Shop.
  3783 | D:5      | Entered Level 5 of the Dungeon
  3788 | D:5      | Reached skill level 5 in Fighting
  3790 | D:5      | Noticed a black bear
  3795 | D:5      | Killed a black bear
  3796 | D:5      | Reached XP level 6. HP: 52/56 MP: 5/5
  3885 | D:5      | Reached skill level 5 in Dodging
  3898 | D:5      | Reached XP level 7. HP: 62/62 MP: 6/6
  4500 | D:5      | Reached skill level 5 in Armour
  4555 | D:5      | Reached XP level 8. HP: 18/71 MP: 7/7
  4556 | D:5      | Slain by a gnoll

Illustrated notes

Levels and vault maps discovered:
D:1:      dpeg_arrival_prison, layout_loops_ring, minmay_door_square,
          minivault_27, nicolae_houndstooth_variations
D:2:      layout_basic, amethyst_killhole, uniq_robin
D:3:      layout_basic, minmay_misc_feat_x
D:4:      nicolae_cairo_tiling_very_big, layout_loops_cross, serial_shops, shop,
          gammafunk_ghost_split
D:5:      lemuel_castle_with_subvaults [lemuel_castle_interior_carwin_1],
          layout_gridville, nicolae_wormholes

Skill      XL: |  1  2  3  4  5  6  7 |
---------------+----------------------+-----
Armour         | 1 2 3 4 5 |  5.3
Fighting       | 4 5 6 |  6.6
Short Blades   | 4 |  4.0
Dodging        | 4 5 6 |  6.0
Maces & Flails | 1 2 3 4 |  4.7

Action                     |  1- 3 |  4- 6 |  7- 9 || total
---------------------------+-------+-------+-------++-------
  Melee: Short sword       |    80 |    14 |       ||    94
         Headbutt          |    19 |     4 |     3 ||    26
         Shillelagh        |       |    45 |    36 ||    81
 Armour: Robe              |     9 |     7 |     5 ||    21
  Dodge: Dodged            |    51 |    39 |    19 ||   109

Table legend: (Time is in decaauts)
 A = Elapsed time spent in this place.
 B = Non-inter-level travel time spent in this place.
 C = Inter-level travel time spent in this place.
 D = Time resting spent in this place.
 E = Time spent auto-exploring this place.
 F = Levels seen in this place.
 G = Mean time per level.
                   A        B        C        D        E       F      G
               +--------+--------+--------+--------+--------+-----+--------+
         Total |   4551 |   4146 |    405 |      0 |   3596 |   5 |  910.2 |
       Dungeon |   4551 |   4146 |    405 |      0 |   3596 |   5 |  910.2 |
               +--------+--------+--------+--------+--------+-----+--------+

Top non-repeatable levels by time:
     D:2: 1109 daAuts
     D:1: 1070 daAuts
     D:3: 877 daAuts
     D:5: 778 daAuts
     D:4: 715 daAuts
